 Dungeon Crawl Stone Soup version 0.31.0-11-ge490571c62 (webtiles) character file.

Game seed: 8509257937527269364

728 qw the Skirmisher (level 7, -6/41 HPs)
             Began as a Deep Elf Hunter on Feb 4, 2024.
             Mangled by a hornet (9 damage)
             ... while paralysed by a hornet
             ... on level 5 of the Dungeon.
             The game lasted 00:00:17 (4020 turns).

qw the Skirmisher (Deep Elf Hunter)                 Turns: 4020, Time: 00:00:17

Health: -6/41      AC:  6    Str: 16    XL:     7   Next: 44%
Magic:  9/9        EV:  2    Int: 14    God:
Gold:   173        SH:  0    Dex: 18    Spells: 6/6 levels left

rFire   . . .        o - +1 orcbow
rCold   . . .        (shield currently unavailable)
rNeg    + . .        m - +0 ring mail
rPois   .            (no helmet)
rElec   .            (no cloak)
rCorr   .            i - +0 pair of gloves
SInv    .            (no boots)
Will    .....        (no amulet)
Stlth   +            g - ring of positive energy
HPRegen 0.26/turn    j - +6 ring of strength
MPRegen 0.11/turn

%: no passive effects
@: paralysed, lethally poisoned (-6 -> -20)
A: no striking features
a: no special abilities


You were on level 5 of the Dungeon.
You visited 2 branches of the dungeon, and saw 6 of its levels.

You collected 173 gold pieces.


   Skills:
 - Level 3.1 Fighting
 - Level 11.0 Ranged Weapons
 + Level 0.2 Armour
 - Level 3.0 Dodging
 - Level 1.2 Stealth


You had 6 spell levels left.
You didn't know any spells.
Your spell library was empty.

Inventory:

Hand Weapons
 o - a +1 orcbow (weapon)
Armour
 i - a +0 pair of gloves (worn)
 m - a +0 ring mail (worn)
Jewellery
 g - a ring of positive energy (left hand)
 j - a +6 ring of strength (right hand)
 k - a ring of ice
Scrolls
 a - a scroll of enchant armour {unknown}
 c - 2 scrolls of identify
Potions
 b - a potion of heal wounds
 d - 2 potions of might
 f - a potion of resistance
 h - 4 potions of curing
 l - a potion of cancellation
 n - a potion of mutation

Dungeon Overview and Level Annotations

Branches:
Dungeon (5/15)             Temple (1/1) D:4

Altars:
Ashenzari
Cheibriados
Dithmenos
Elyvilon
Fedhas
Kikubaaqudgha
Makhleb
Nemelex Xobeh
Ru
Trog
Uskayaw
Vehumet
Wu Jian
Xom
Zin
The Shining One


Message History

d - 2 potions of might (gained 1)
c - 2 scrolls of identify (gained 1)
h - 2 potions of curing (gained 1)
Found a white marble altar of Elyvilon.
Found a leather armour.
h - 4 potions of curing (gained 2)
An orc wizard and a hornet come into view.
Found a radiant altar of Vehumet and an ornate altar of the Wu Jian Council.
The orc wizard shouts!
The hornet buzzes angrily.
The orc wizard casts a spell at you.
You easily resist.
You shoot an arrow. The arrow hits the hornet.
The hornet is lightly wounded.
An orc comes into view. It is wielding a +0 falchion.
You shoot an arrow. The arrow misses the hornet.
A black bear comes into view.
Enter note:
Enter note:
Enter note: You shoot an arrow.
The arrow closely misses the hornet.
The arrow closely misses the black bear.
The black bear growls angrily.
An orc comes into view. It is wielding a +0 club.
The orc wizard gestures at you while chanting.
The puff of flame hits you!
You shoot an arrow. The orc shouts!
The arrow hits the hornet.
The hornet is moderately wounded.
The hornet stings you!
You are poisoned.
You feel yourself slow down.
The orc wizard gestures at you while chanting.
The puff of flame misses you. The hornet stings you!
You are lethally poisoned!
You suddenly lose the ability to move!
You feel yourself speed up.
You feel very sick. The hornet stings you!
You die...

#....# #....#
#....# #....# #####
#....#
.....########....#
.................##
...o..............#
.oo....@.....#....#
........y....#....#
.....!.......#....#
#####........#....#
#........######
#.......h..
#....._....
#...._8_...


You could see a hornet, a black bear, an orc wizard and 2 orcs.

Vanquished Creatures
  Grinder (D:4)
  Sigmund (D:4)
  Menkaure (D:4)
  A bombardier beetle (D:5)
  A gnoll bouda (D:5)
  A hound (D:4)
  5 gnolls (D:5)
  2 adders
  3 ribbon worms
  4 dart slugs
  3 orcs
  3 endoplasms
  3 giant cockroaches
  7 hobgoblins
  8 quokkas
  15 ball pythons
  6 bats
  3 frilled lizards (D:1)
  10 goblins
  7 kobolds
  5 rats
90 creatures vanquished.

Notes
Turn   | Place    | Note
-------+----------+-------------------------------------------
     0 | D:1      | qw the Deep Elf Hunter began the quest for the Orb.
     0 | D:1      | Reached XP level 1. HP: 12/12 MP: 3/3
     0 | D:1      | 0 ||| qw: Version: 0.3-a-160-g6735b56
     0 | D:1      | 0 ||| qw: Game counter: 4775
     0 | D:1      | 0 ||| qw: Melee chars always use a shield: true
     0 | D:1      | 0 ||| qw: God list: Okawaru
     0 | D:1      | 0 ||| qw: Allow faded altars: false
     0 | D:1      | 0 ||| qw: Do Orc after clearing Dungeon:15 true
     0 | D:1      | 0 ||| qw: Do second Lair branch before Depths: true
     0 | D:1      | 0 ||| qw: Lair rune preference: random
     0 | D:1      | 0 ||| qw: Goals: Normal
     0 | D:1      | 0 ||| PLANNING D:1-11
   156 | D:1      | Reached skill level 6 in Ranged Weapons
   156 | D:1      | Reached XP level 2. HP: 16/16 MP: 4/4
   531 | D:1      | Reached XP level 3. HP: 20/20 MP: 5/5
   664 | D:1      | 664 ||| UPGRADING to +0 scale mail.
   674 | D:1      | 674 ||| DROPPING +0 leather armour.
   675 | D:1      | 675 ||| UPGRADING to +0 ring mail.
   685 | D:1      | 685 ||| DROPPING +0 scale mail.
   686 | D:1      | 686 ||| READING scroll labelled FYHINACKEO.
   722 | D:1      | 722 ||| READING scroll labelled SOALYNEITT.
   723 | D:1      | 723 ||| READING scroll labelled QEF CAICUIMUUVE.
   724 | D:1      | 724 ||| READING 2 scrolls labelled JAOG ANUYMAY.
   825 | D:1      | 825 ||| READING scroll labelled CIRON IXZA.
   826 | D:1      | 826 ||| READING scroll labelled METIF EFFA.
   827 | D:1      | 827 ||| DROPPING scroll of butterflies.
   828 | D:1      | 828 ||| DROPPING scroll of vulnerability.
   830 | D:1      | 830 ||| Stepping ~*~*~tactically~*~*~ (cloud).
   835 | D:1      | HP: 5/20 [poisoned by you (poison gas)]
  1284 | D:2      | Reached skill level 7 in Ranged Weapons
  1301 | D:2      | Identified the +1 leather armour of Jokut {Str+2}
  1857 | D:2      | 1857 ||| DROPPING +1 leather armour of Jokut {Str+2}.
  1858 | D:2      | 1858 ||| READING 2 scrolls labelled GOBAAC NOLO.
  1858 | D:2      | 1858 ||| IDENTIFYING white potion
  1859 | D:2      | 1859 ||| READING scroll of identify.
  1859 | D:2      | 1859 ||| IDENTIFYING pink potion
  1860 | D:2      | 1860 ||| READING scroll labelled FADAIH ZYEMIZUPI.
  1863 | D:2      | 1863 ||| DRINKING 3 coppery potions.
  1864 | D:2      | 1864 ||| FLEEEEING.
  1865 | D:2      | 1865 ||| FLEEEEING.
  1866 | D:2      | 1866 ||| FLEEEEING.
  1867 | D:2      | 1867 ||| FLEEEEING.
  1868 | D:2      | 1868 ||| FLEEEEING.
  1869 | D:2      | 1869 ||| FLEEEEING.
  1870 | D:2      | 1870 ||| FLEEEEING.
  1871 | D:2      | 1871 ||| FLEEEEING.
  1872 | D:2      | 1872 ||| FLEEEEING.
  1873 | D:2      | 1873 ||| FLEEEEING.
  1874 | D:2      | 1874 ||| FLEEEEING.
  1875 | D:2      | 1875 ||| FLEEEEING.
  1876 | D:2      | 1876 ||| FLEEEEING.
  1877 | D:2      | 1877 ||| FLEEEEING.
  1878 | D:2      | 1878 ||| FLEEEEING.
  1879 | D:2      | 1879 ||| FLEEEEING.
  1880 | D:2      | 1880 ||| FLEEEEING.
  1881 | D:2      | 1881 ||| FLEEEEING.
  1882 | D:2      | 1882 ||| FLEEEEING.
  1883 | D:2      | 1883 ||| FLEEEEING.
  1884 | D:2      | 1884 ||| STAIRDANCE
  1986 | D:1      | 1986 ||| DROPPING 2 potions of berserk rage.
  2232 | D:3      | Reached XP level 4. HP: 25/25 MP: 6/6
  2543 | D:3      | 2543 ||| UPGRADING to +0 pair of gloves.
  2786 | D:3      | 2786 ||| UPGRADING to ring of positive energy.
  2790 | D:3      | 2790 ||| UPGRADING to +6 ring of strength.
  2791 | D:3      | 2791 ||| READING 2 scrolls of identify.
  2791 | D:3      | 2791 ||| IDENTIFYING glowing orange potion
  2792 | D:3      | 2792 ||| READING scroll of identify.
  2792 | D:3      | 2792 ||| IDENTIFYING fizzy golden potion
  2793 | D:3      | 2793 ||| READING scroll labelled HIBBIXT BIBA.
  3093 | D:3      | 3093 ||| READING scroll of identify.
  3093 | D:3      | 3093 ||| IDENTIFYING cyan potion
  3117 | D:4      | Noticed Menkaure
  3117 | D:4      | Noticed Grinder
  3118 | D:4      | 3118 ||| ZAPPING wand of quicksilver (5) at 3,-1 (Grinder;
                  | floor).
  3119 | D:4      | 3119 ||| ZAPPING wand of quicksilver (4) at 3,-1 (Grinder;
                  | floor).
  3120 | D:4      | 3120 ||| ZAPPING wand of quicksilver (3) at 2,0 (Grinder;
                  | floor).
  3120 | D:4      | Paralysed by Grinder for 3 turns
  3123 | D:4      | 3123 ||| ZAPPING wand of quicksilver (2) at 1,0 (Grinder;
                  | open_door).
  3124 | D:4      | 3124 ||| ZAPPING wand of quicksilver (1) at 1,0 (Grinder;
                  | open_door).
  3124 | D:4      | Killed Grinder
  3124 | D:4      | Killed Menkaure
  3125 | D:4      | Reached skill level 10 in Ranged Weapons
  3125 | D:4      | Reached XP level 5. HP: 29/29 MP: 7/7
  3125 | D:4      | Reached XP level 6. HP: 34/34 MP: 8/8
  3154 | D:4      | Found a staircase to the Ecumenical Temple.
  3155 | D:4      | 3155 ||| PLANNING TEMPLE
  3162 | Temple   | Entered the Ecumenical Temple
  3163 | Temple   | 3163 ||| PLANNING D:1-11
  3327 | D:4      | Noticed Sigmund
  3335 | D:4      | Killed Sigmund
  3336 | D:4      | Reached skill level 3 in Fighting
  3336 | D:4      | Reached XP level 7. HP: 27/41 MP: 9/9
  3597 | D:4      | Reached skill level 3 in Dodging
  3618 | D:4      | 3618 ||| SWAPPING to +0 orcbow.
  3619 | D:4      | 3619 ||| DROPPING +0 shortbow.
  3769 | D:4      | 3769 ||| READING 3 scrolls of identify.
  3769 | D:4      | 3769 ||| IDENTIFYING golden potion
  3770 | D:4      | 3770 ||| READING 2 scrolls of identify.
  3770 | D:4      | 3770 ||| IDENTIFYING scroll labelled VIWKAZX CUGO
  3771 | D:4      | 3771 ||| READING scroll of enchant weapon.
  3771 | D:4      | 3771 ||| ENCHANTING +0 orcbow.
  3812 | D:5      | Entered Level 5 of the Dungeon
  3872 | D:5      | Found a broken altar of Ashenzari.
  3951 | D:5      | Reached skill level 11 in Ranged Weapons
  4008 | D:5      | Found a white marble altar of Elyvilon.
  4015 | D:5      | Found a radiant altar of Vehumet.
  4015 | D:5      | Found an ornate altar of the Wu Jian Council.
  4015 | D:5      | Noticed a hornet
  4019 | D:5      | HP: 8/41 [hornet (12)]
  4019 | D:5      | Paralysed by a hornet for 2 turns
  4020 | D:5      | HP: 3/41 [poisoned by a hornet]
  4020 | D:5      | Mangled by a hornet

Levels and vault maps discovered:
D:1:      onia_arrival_pyramid, layout_loops_ring
D:2:      layout_loops_corners
D:3:      layout_basic, serial_co_window_serial, co_window_paths_b,
          co_window_paths_a, co_window_paths_a, co_window_paths_a,
          co_window_paths_b, co_window_broadway_c, co_window_cross_4,
          co_window_corner_ca, co_window_corner_b, co_window_paths_c,
          co_window_corner_b, co_window_corner_cb, glass_columns_c,
          glass_columns_b, kennysheep_crisscross, minmay_misc_feat_doors,
          dreamdust_mushroom_princess
D:4:      layout_gridville, minmay_temple_entry_hall, uniq_menkaure,
          uniq_grinder, uniq_sigmund
D:5:      layout_gridville, chequers_temple_overflow_statue_of_worship,
          grunt_gozag_breadcrumbs, evilmike_ruin_ashenzari, item_on_display_a
Temple:   hellmonk_temple_two_chambers

Skill      XL: |  1  2  3  4  5  6  7 |
---------------+----------------------+-----
Ranged Weapons | 6 7 10 11 | 11.0
Fighting       | 3 |  3.1
Dodging        | 3 |  3.0
Armour         | |  0.2
Stealth        | |  1.2

Action                     |  1- 3 |  4- 6 |  7- 9 || total
---------------------------+-------+-------+-------++-------
   Fire: Shortbow          |   115 |    87 |    12 ||   214
         Orcbow            |       |       |    28 ||    28
  Evoke: Wand              |       |     5 |       ||     5
    Use: Scroll            |     9 |     4 |     3 ||    16
         Potion            |     1 |       |       ||     1
 Armour: Leather armour    |    10 |       |       ||    10
         Ring mail         |     6 |    11 |    11 ||    28
  Dodge: Dodged            |    19 |    14 |     9 ||    42

Table legend:
 A = Non-vault XP
 B = Vault XP
 C = Vault XP percentage of total XP
 D = Non-vault monster count
 E = Vault monster count
 F = Vault count percentage of total count
                 A         B        C        D         E       F
            +---------+---------+-------+---------+---------+-------
      Total |     374 |     666 |  64.0 |      87 |       3 |   3.3
            +---------+---------+-------+---------+---------+-------
        D:1 |      47 |       0 |   0.0 |      30 |       0 |   0.0
        D:2 |      42 |       0 |   0.0 |      16 |       0 |   0.0
        D:3 |      39 |       0 |   0.0 |      17 |       0 |   0.0
        D:4 |      78 |     666 |  89.5 |      15 |       3 |  16.7
        D:5 |     168 |       0 |   0.0 |       9 |       0 |   0.0
            +---------+---------+-------+---------+---------+-------
